 Dungeon Crawl Stone Soup version 0.26-a0-257-g47e9e61525 (webtiles) character file.

Game seed: 16087435915861216938

146 Conn the Sneak (level 5, -1/32 HPs)
             Began as an Octopode Hedge Wizard on July 10, 2020.
             Slain by an iguana (10 damage)
             ... on level 4 of the Dungeon.
             The game lasted 00:06:06 (3261 turns).

Conn the Sneak (Octopode Hedge Wizard)              Turns: 3261, Time: 00:06:06

Health: -1/32      AC:  1    Str:  9    XL:     5   Next: 28%
Magic:  0/11       EV: 13    Int: 17    God:
Gold:   76         SH:  0    Dex: 12    Spells: 1/12 levels left

rFire    + . .     SeeInvis +   a - +0 dagger
rCold    . . .     Faith    .   (no shield)
rNeg     . . .     Spirit   .   b - +0 hat
rPois    .         Reflect  .   (no amulet)
rElec    .         Harm     .   n - ring of protection from magic
rCorr    .                      p - ring of see invisible
MR       +....                  u - ring of protection from fire
Stlth    ++++......             (no ring)
HPRegen  0.10/turn              (no ring)
MPRegen  0.12/turn              (no ring)
                                (no ring)
                                (no ring)

@: very slightly contaminated
A: almost no armour, stealthy swim, amphibious, 8 rings, constrict 8, camouflage
1, gelatinous body 1
a: no special abilities


You were on level 4 of the Dungeon.
You were not hungry.

You visited 1 branch of the dungeon, and saw 4 of its levels.

You collected 76 gold pieces.

Inventory:

Hand Weapons
 a - a +0 dagger (weapon)
Missiles
 l - 34 poisoned darts (quivered)
Armour
 b - a +0 hat (worn)
Jewellery
 n - a ring of protection from magic (left tentacle)
 p - a ring of see invisible (right tentacle)
 u - a ring of protection from fire (on tentacle)
Wands
 t - a wand of iceblast (10)
Scrolls
 e - a scroll of fear {unknown}
 h - a scroll of blinking {unknown}
 i - 3 scrolls of remove curse {unknown}
 k - 2 scrolls of identify {unknown}
 m - a scroll of random uselessness {unknown}
 o - a scroll of fog {unknown}
 q - a scroll of immolation {unknown}
 r - 2 scrolls of teleportation {unknown}
 s - a scroll of noise {unknown}
Potions
 c - 2 potions of heal wounds {unknown}
 f - 2 potions of brilliance {unknown}
 g - a potion of stabbing {unknown}
 j - a potion of invisibility {unknown}
Comestibles
 d - 12 rations


   Skills:
 + Level 0.4 Fighting
 + Level 1.3 Short Blades
 + Level 2.3 Dodging
 + Level 4.4 Stealth
 + Level 4.3 Spellcasting
 + Level 1.1 Conjurations
 + Level 1.0 Summonings
 + Level 1.0 Translocations


You had one spell level left.
You knew the following spells:

 Your Spells              Type           Power        Failure   Level
a - Magic Dart            Conj           #...         10%         1
b - Blink                 Tloc           N/A          16%         2
c - Call Imp              Summ           #.......     14%         2
d - Conjure Flame         Conj/Fire      #.......     36%         3
e - Mephitic Cloud        Conj/Pois/Air  #.......     36%         3

Your spell library contained the following spells:

 Spells                   Type           Power        Failure   Level
 Slow                     Hex            #.......     22%         2


Dungeon Overview and Level Annotations

Branches:
Dungeon (4/15)
 Temple: D:4-7

Altars:
Dithmenos
Trog

Shops:
D:4 }


Innate Abilities, Weirdness & Mutations

You cannot wear most types of armour.
You are very stealthy in the water. (Stealth+)
You are amphibious.
You can wear up to eight rings at the same time.
You can use your tentacles to constrict eight enemies at once.
Your skin changes colour to match your surroundings (Stealth+).
Your rubbery body absorbs attacks. (AC +1, EV +1)


Message History

Aim: an iguana (almost dead)
The magic dart hits the iguana but does no damage.
The iguana is almost dead.
The iguana bites you but does no damage.
You hit the iguana but do no damage. Your grab misses the iguana.
The iguana is almost dead.
The iguana bites you.
* * * LOW HITPOINT WARNING * * *
You hit the iguana but do no damage. Your grab misses the iguana.
The iguana is almost dead.
The iguana completely misses you.
Casting: Magic Dart (safe; 10% risk of failure)
Confirm with . or Enter, or press ? or * to list all spells.
Aiming: Magic Dart (safe; 10% risk of failure)
Press: ? - help, Shift-Dir - straight line, f/p - iguana
Aim: an iguana (almost dead)
The magic dart hits the iguana.
The iguana is almost dead.
The iguana bites you!
You die...

############
##......(...##
#...>........##
#..............## ##
#...............#...##
#......∩.....l@....$.#
#..........)..........
#.........<.....$.....
##....................
##..................#
...##$#..##...#...##
........###########
.##.### # .


You could see an iguana.

Vanquished Creatures
  Natasha (D:2)
  2 adders
  5 dart slugs
  4 leopard geckos
  An orc (D:4)
  A ball python (D:3)
  A giant cockroach (D:2)
  5 hobgoblins
  3 jackals (D:1)
  4 bats
  6 goblins
  7 kobolds
  6 rats
46 creatures vanquished.

Vanquished Creatures (collateral kills)
  Terence (D:2)
  Natasha (twice) (D:2)
  A worm (D:2)
  A kobold (D:2)
  A rat (D:2)
6 creatures vanquished.

Grand Total: 52 creatures vanquished

Notes
Turn   | Place    | Note
-------+----------+-------------------------------------------
     0 | D:1      | Conn the Octopode Hedge Wizard began the quest for the Orb.
     0 | D:1      | Reached XP level 1. HP: 11/11 MP: 4/4
   413 | D:1      | Reached XP level 2. HP: 17/17 MP: 6/6
   721 | D:1      | Reached XP level 3. HP: 21/21 MP: 8/8
   725 | D:1      | Learned a level 2 spell: Blink
   728 | D:1      | Learned a level 2 spell: Call Imp
   732 | D:1      | Learned a level 3 spell: Conjure Flame
  1266 | D:2      | Noticed Terence
  1283 | D:2      | Killed Terence
  1641 | D:2      | Noticed Natasha
  1647 | D:2      | Killed Natasha
  1647 | D:2      | Reached XP level 4. HP: 27/27 MP: 5/10
  1696 | D:2      | Learned a level 3 spell: Mephitic Cloud
  1796 | D:2      | Found a bloodstained altar of Trog.
  2077 | D:2      | Noticed Natasha
  2085 | D:2      | Killed Natasha
  2100 | D:2      | Noticed Natasha
  2130 | D:2      | Killed Natasha
  2308 | D:2      | Reached XP level 5. HP: 32/32 MP: 11/11
  2548 | D:3      | Found a shadowy altar of Dithmenos.
  2644 | D:3      | Reached skill level 1 in Short Blades
  3230 | D:4      | Found Lotoesm's Gadget Shoppe.
  3261 | D:4      | Slain by an iguana

Illustrated notes

Levels and vault maps discovered:
D:1:      lightli_arrival_maybe_door_vault, layout_loops_ring
D:2:      layout_loops_cross, lemuel_coloured_pillars_altar, first_ration,
          chequers_serial_rivers_room_b, uniq_natasha, uniq_terence
D:3:      layout_loops_ring, overflow_temple_1_default
D:4:      layout_rooms, grunt_temple_overflow_open, serial_shops, shop,
          uniq_menkaure

Skill      XL: |  1  2  3  4  5 |
---------------+----------------+-----
Stealth        | 3 4 |  4.4
Spellcasting   | 4 |  4.3
Short Blades   | 1 |  1.3
Fighting       | |  0.4
Dodging        | |  2.3
Conjurations   | |  1.1
Summonings     | |  1.0
Translocations | |  1.0

Action                   |  1- 3 |  4- 6 || total
-------------------------+-------+-------++-------
Melee: Dagger            |    59 |    41 ||   100
       Constrict         |    20 |     9 ||    29
       Tentacles         |     9 |     5 ||    14
 Cast: Magic Dart        |     6 |     8 ||    14
       Call Imp          |     3 |     9 ||    12
       Blink             |       |     1 ||     1
 Stab: Sleeping          |     8 |     8 ||    16
  Eat: Ration            |     1 |     1 ||     2
Armor: Skin              |     2 |     3 ||     5
Dodge: Dodged            |    39 |    17 ||    56

Table legend:
 A = Non-vault XP
 B = Vault XP
 C = Vault XP percentage of total XP
 D = Non-vault monster count
 E = Vault monster count
 F = Vault count percentage of total count
                 A         B        C        D         E       F
            +---------+---------+-------+---------+---------+-------
      Total |     169 |      40 |  19.1 |      50 |       2 |   3.8
            +---------+---------+-------+---------+---------+-------
        D:1 |      47 |       0 |   0.0 |      25 |       0 |   0.0
        D:2 |      90 |      40 |  30.8 |      16 |       2 |  11.1
        D:3 |      29 |       0 |   0.0 |       8 |       0 |   0.0
        D:4 |       3 |       0 |   0.0 |       1 |       0 |   0.0
            +---------+---------+-------+---------+---------+-------
